[Event "42nd Olympiad Baku 2016 Women"]
[Site "Baku"]
[Date "2016.09.04"]
[Round "3.18"]
[White "Videnova, Iva"]
[Black "Zhylkaidarova, Sholpan"]
[Result "1/2-1/2"]
[ECO "C11"]
[WhiteElo "2386"]
[BlackElo "2162"]
[Annotator ""]
[PlyCount "86"]
[EventDate "2016.??.??"]
[EventCountry "AZE"]
[SourceTitle "playchess.com"]
[Source "ChessBase"]
[WhiteTeam "Bulgaria"]
[BlackTeam "Kazakhstan"]
[WhiteTeamCountry "BUL"]
[BlackTeamCountry "KAZ"]
[TimeControl "40/5400+30:1800+30"]

1. e4 {(00:00)} e6 {(00:00)} 2. d4 {(00:00)} d5 {(
00:03)} 3. Nc3 {(00:00)} Nf6 {(00:30)} 4. e5 {(00:00)}
Nfd7 {(00:10)} 5. f4 {(00:05)} c5 {(00:33)} 6. Nf3 {
(00:07)} Nc6 {(00:36)} 7. Be3 {(00:07)} Be7 {(01:
15)} 8. Qd2 {(00:31)} O-O {(01:09)} 9. Be2 {(00:59)} a6 {
(03:08)} 10. O-O {(00:45)} b5 {(02:11)} 11. Nd1 {(
01:02)} Qb6 {(03:16)} 12. c3 {(10:38)} a5 {(03:01)} 13.
Bf2 {(02:03)} b4 {(08:21)} 14. c4 {(08:31)} dxc4 {(
06:43)} 15. d5 {(01:11)} exd5 {(06:30)} 16. Qxd5 {(00:36)}
Rd8 {(03:00)} 17. Qxc4 {(04:09)} Ba6 {(01:52)} 18. Qe4 {
(01:13)} Bxe2 {(02:05)} 19. Qxe2 {(00:09)} Nd4 {(
03:06)} 20. Qe4 {(04:28)} Qg6 {(05:14)} 21. Qxg6 {(06:09)}
Nxf3+ {(01:19)} 22. gxf3 {(00:09)} hxg6 {(00:20)} 23. Ne3
{(04:52)} Nb6 {(06:59)} 24. b3 {(06:33)} Nd5 {(01:
25)} 25. Nxd5 {(01:26)} Rxd5 {(00:02)} 26. Rfd1 {(03:48)}
Rad8 {(01:22)} 27. Rxd5 {(00:08)} Rxd5 {(00:03)} 28. Be3 {
(00:15)} Kf8 {(02:44)} 29. Kf2 {(03:57)} Ke8 {(01:
07)} 30. Rg1 {(03:30)} Bf8 {(11:43)} 31. Ke2 {(12:53)} Kd7
{(00:23)} 32. Bf2 {(11:46)} Ke6 {(05:39)} 33. Bh4 {
(04:49)} Rd7 {(06:05)} 34. Rc1 {(01:17)} a4 {(02:
35)} 35. Bf2 {(00:43)} axb3 {(02:10)} 36. axb3 {(00:12)}
Ra7 {(00:35)} 37. Bxc5 {(04:00)} Bxc5 {(00:45)} 38. Rxc5 {
(00:07)} Ra3 {(00:11)} 39. Rc6+ {(01:10)} Kf5 {(02:
50)} 40. Rc7 {(00:00)} Ke6 {(00:00)} 41. Rc6+ {(01:12)}
Kf5 {(04:30)} 42. Rc7 {(01:27)} Ke6 {(01:07)} 43. Rc6+ {
(01:57)} Kd5 1/2-1/2

[Event "42nd Olympiad Baku 2016 Women"]
[Site "Baku"]
[Date "2016.09.04"]
[Round "3.29"]
[White "Vilhete, Vania Fausto Da T"]
[Black "Kukula, Esi"]
[Result "1-0"]
[ECO "C65"]
[WhiteElo "1741"]
[BlackElo "1264"]
[Annotator ""]
[PlyCount "37"]
[EventDate "2016.??.??"]
[EventCountry "AZE"]
[SourceTitle "playchess.com"]
[Source "ChessBase"]
[WhiteTeam "Mozambique"]
[BlackTeam "Ghana"]
[WhiteTeamCountry "MOZ"]
[BlackTeamCountry "GHA"]
[TimeControl "40/5400+30:1800+30"]

1. e4 {(00:00)} e5 {(00:00)} 2. Nf3 {(00:00)} Nc6 {
(00:57)} 3. Bb5 {(00:00)} Bc5 {(02:16)} 4. O-O {(
00:10)} Nf6 {(01:08)} 5. d3 {(00:17)} O-O {(01:48)} 6.
Bxc6 {(03:13)} bxc6 {(04:11)} 7. Nxe5 {(00:17)} d6 {
(00:46)} 8. Nxc6 {(00:23)} Bg4 {(05:10)} 9. Nxd8 {(
06:10)} Bxd1 {(00:34)} 10. Rxd1 {(00:08)} Raxd8 {(01:07)}
11. d4 {(00:07)} Bb6 {(01:02)} 12. Bg5 {(00:12)} Rfe8 {
(07:49)} 13. Nc3 {(00:47)} Rd7 {(08:08)} 14. Bxf6 {
(00:39)} gxf6 {(00:12)} 15. Nd5 {(00:44)} Kg7 {(09:
11)} 16. Rd3 {(01:44)} Rxe4 {(02:39)} 17. Rg3+ {(00:30)}
Kh8 {(03:02)} 18. Nxf6 {(00:17)} Rde7 {(05:11)} 19. Rg8# {
R4e5} 1-0

[Event "42nd Olympiad Baku 2016 Women"]
[Site "Baku"]
[Date "2016.09.04"]
[Round "3.20"]
[White "Voiska, Margarita"]
[Black "Mukhit, Aisezym"]
[Result "1/2-1/2"]
[ECO "D04"]
[WhiteElo "2290"]
[BlackElo "2065"]
[Annotator ""]
[PlyCount "97"]
[EventDate "2016.??.??"]
[EventCountry "AZE"]
[SourceTitle "playchess.com"]
[Source "ChessBase"]
[WhiteTeam "Bulgaria"]
[BlackTeam "Kazakhstan"]
[WhiteTeamCountry "BUL"]
[BlackTeamCountry "KAZ"]
[TimeControl "40/5400+30:1800+30"]

1. d4 {(00:00)} Nf6 {(00:00)} 2. Nf3 {(00:00)} d5 {
(00:28)} 3. e3 {(01:16)} c5 {(01:36)} 4. dxc5 {(03:
21)} Qa5+ {(03:45)} 5. c3 {(04:59)} Qxc5 {(02:39)} 6. b4 {
(01:39)} Qc7 {(02:38)} 7. Bb2 {(00:43)} Bg4 {(03:
11)} 8. Nbd2 {(03:12)} e6 {(04:05)} 9. h3 {(06:01)} Bh5 {
(01:00)} 10. Qa4+ {(01:36)} Nbd7 {(03:04)} 11. c4 {
(02:34)} dxc4 {(03:39)} 12. Bxc4 {(09:39)} Bxf3 {(
08:52)} 13. gxf3 {(01:44)} Be7 {(11:33)} 14. Rc1 {(01:35)}
Qd8 {(08:17)} 15. Bxf6 {(25:56)} Bxf6 {(08:19)} 16. Ne4 {
(11:25)} O-O {(10:00)} 17. Rd1 {(01:28)} Nb6 {(03:
24)} 18. Rxd8 {(01:58)} Nxa4 {(00:07)} 19. Nxf6+ {(00:56)}
gxf6 {(00:11)} 20. Rg1+ {(01:51)} Kh8 {(00:06)} 21. Rxf8+
{(01:11)} Rxf8 {(00:03)} 22. Bb3 {(00:38)} Nb6 {(
00:52)} 23. Ke2 {(01:32)} Rc8 {(09:31)} 24. Rd1 {(02:44)}
Kg7 {(02:31)} 25. Rd4 {(07:43)} f5 {(05:17)} 26. Kd2 {
(01:46)} Kf6 {(01:28)} 27. a4 {(00:13)} Rc7 {(03:
03)} 28. a5 {(01:51)} Nd7 {(00:58)} 29. f4 {(00:33)} Ke7 {
(00:44)} 30. Bd1 {(00:32)} b6 {(02:19)} 31. a6 {(
01:15)} Nb8 {(00:36)} 32. b5 {(01:27)} Rd7 {(00:22)} 33.
Kc3 {(00:17)} Rxd4 {(00:25)} 34. Kxd4 {(00:04)} Kd6 {
(00:03)} 35. Bh5 {(03:02)} f6 {(00:41)} 36. Be8 {(
00:26)} Ke7 {(00:30)} 37. Bh5 {(00:03)} Kd6 {(00:20)} 38.
f3 {(00:57)} Ke7 {(00:58)} 39. e4 {(00:14)} Nd7 {(
01:13)} 40. exf5 {(00:00)} exf5 {(00:00)} 41. Kd5 {(03:03]
} Nb8 {(04:40)} 42. Kc4 {(05:52)} Kd6 {(04:48)} 43. Bf7 {
(00:48)} Nd7 {(00:36)} 44. Bg8 {(02:34)} h6 {(01:
22)} 45. Bh7 {(00:52)} Ke6 {(00:12)} 46. Bg8+ {(01:37)}
Kd6 {(00:07)} 47. Bh7 {(00:17)} Ke6 {(00:03)} 48. Bg8+ {
(00:04)} Kd6 {(00:05)} 49. Bh7 {(00:04] Ke5} 1/2-1/2

[Event "42nd Olympiad Baku 2016 Women"]
[Site "Baku"]
[Date "2016.09.04"]
[Round "3.15"]
[White "Vongvastana, Chananchida"]
[Black "Romero Echeverria, Abigail"]
[Result "0-1"]
[ECO "B24"]
[WhiteElo "1594"]
[BlackElo "2106"]
[Annotator ""]
[PlyCount "68"]
[EventDate "2016.??.??"]
[EventCountry "AZE"]
[SourceTitle "playchess.com"]
[Source "ChessBase"]
[WhiteTeam "Thailand"]
[BlackTeam "Ecuador"]
[WhiteTeamCountry "THA"]
[BlackTeamCountry "ECU"]
[TimeControl "40/5400+30:1800+30"]

1. e4 {(00:00)} c5 {(00:00)} 2. Nc3 {(00:00)} Nc6 {
(00:03)} 3. g3 {(00:08)} g6 {(00:35)} 4. Bg2 {(00:
15)} Bg7 {(00:08)} 5. Nf3 {(00:10)} e6 {(00:15)} 6. d3 {
(00:46)} Nge7 {(00:10)} 7. O-O {(00:23)} Rb8 {(01:
34)} 8. Nh4 {(02:08)} d6 {(04:27)} 9. f4 {(10:09)} O-O {
(06:49)} 10. h3 {(28:09)} Nd4 {(01:27)} 11. Ne2 {(
00:32)} b5 {(00:46)} 12. c3 {(10:28)} Nxe2+ {(01:07)} 13.
Qxe2 {(00:10)} b4 {(00:27)} 14. Bd2 {(01:58)} a5 {(
05:24)} 15. Qe1 {(04:02)} a4 {(06:09)} 16. Rc1 {(01:23)}
Qb6 {(15:42)} 17. Kh1 {(02:26)} Bd7 {(10:31)} 18. g4 {
(18:03)} Rfe8 {(10:59)} 19. Nf3 {(04:33)} Qa6 {(11:
09)} 20. Qe3 {(04:41)} f5 {(04:30)} 21. Rb1 {(02:51)} a3 {
(03:45)} 22. bxa3 {(06:01)} bxc3 {(03:01)} 23. Rxb8 {
(00:23)} Rxb8 {(00:08)} 24. Bc1 {(00:05)} fxg4 {(
01:59)} 25. hxg4 {(00:10)} Rb1 {(02:28)} 26. Kh2 {(00:37)}
Bb5 {(00:36)} 27. Ne1 {(02:03)} Bd4 {(01:24)} 28. Qh3 {
(00:43)} Rxc1 {(00:13)} 29. Rh1 {(00:22)} Qxa3 {(
05:34)} 30. Kg3 {(00:25)} Qxa2 {(00:42)} 31. Qxh7+ {(00:
43)} Kf8 {(00:01)} 32. Rf1 {(00:32)} Rxe1 {(00:29)} 33.
Rxe1 {(00:34)} Qf2+ {(00:06)} 34. Kh3 {(00:24)} Qxe1 {
(00:08)} 0-1

[Event "42nd Olympiad Baku 2016 Women"]
[Site "Baku"]
[Date "2016.09.04"]
[Round "3.22"]
[White "Vukikomoala, Hilda"]
[Black "Smith, Javanna"]
[Result "0-1"]
[ECO "B52"]
[WhiteElo "1455"]
[BlackElo "1759"]
[Annotator ""]
[PlyCount "98"]
[EventDate "2016.??.??"]
[EventCountry "AZE"]
[SourceTitle "playchess.com"]
[Source "ChessBase"]
[WhiteTeam "Fiji"]
[BlackTeam "TTO"]
[WhiteTeamCountry "FIJ"]
[TimeControl "40/5400+30:1800+30"]

1. e4 {(00:00)} c5 {(00:00)} 2. Nf3 {(00:00)} d6 {(
00:00)} 3. Bb5+ {(00:02)} Bd7 {(00:00)} 4. Bxd7+ {(00:13)}
Qxd7 {(00:00)} 5. O-O {(00:25)} Nf6 {(00:04)} 6. Re1 {
(00:26)} Nc6 {(00:23)} 7. c3 {(01:14)} e6 {(02:00)}
8. d4 {(01:15)} cxd4 {(00:02)} 9. cxd4 {(02:01)} Be7 {
(00:07)} 10. Bd2 {(03:26)} O-O {(02:25)} 11. Bc3 {(
00:10)} d5 {(07:36)} 12. e5 {(01:29)} Ne4 {(00:08)} 13.
Nbd2 {(04:08)} Nxc3 {(00:23)} 14. bxc3 {(00:29)} Na5 {
(03:02)} 15. h4 {(12:04)} Rac8 {(02:07)} 16. Re3 {(
07:38)} Nc4 {(08:37)} 17. Nxc4 {(01:55)} Rxc4 {(00:01)}
18. h5 {(01:06)} h6 {(00:09)} 19. Nh2 {(12:17)} Rfc8 {
(01:49)} 20. Qf3 {(03:05)} Qc7 {(07:09)} 21. Ng4 {(
09:23)} Bg5 {(01:45)} 22. Rd3 {(08:49)} Rxc3 {(04:53)} 23.
Rb1 {(08:24)} Rc1+ {(02:15)} 24. Rxc1 {(00:29)} Qxc1+ {
(00:36)} 25. Rd1 {(03:34)} Qc3 {(00:18)} 26. Qxc3 {
(05:51)} Rxc3 {(00:02)} 27. Kf1 {(03:34)} Ra3 {(00:
21)} 28. Rb1 {(02:26)} b6 {(00:17)} 29. Rb2 {(03:18)} Ra4
{(00:33)} 30. Rc2 {(01:30)} Rc4 {(03:30)} 31. Rxc4 {
(00:33)} dxc4 {(00:02)} 32. Ke2 {(00:15)} b5 {(00:
36)} 33. Ne3 {(00:43)} Bxe3 {(02:11)} 34. Kxe3 {(00:50)}
Kf8 {(00:04)} 35. a3 {(00:18)} a5 {(00:50)} 36. Kd2 {
(00:20)} b4 {(00:34)} 37. a4 {(00:15)} Ke7 {(01:16]
} 38. f4 {(00:23)} f6 {(00:05)} 39. g3 {(02:59)} Kf7 {
(00:48)} 40. g4 {(00:00)} fxe5 {(00:00)} 41. dxe5 {
(05:59)} g6 {(12:34)} 42. Ke3 {(08:06)} gxh5 {(00:
07)} 43. gxh5 {(00:10)} b3 {(00:05)} 44. Kd2 {(00:09)} Ke7
{(00:08)} 45. Kc3 {(00:19)} Kd7 {(00:03)} 46. Kb2 {
(01:15)} Kc6 {(00:02)} 47. Kc3 {(04:02)} Kd5 {(00:
11)} 48. Kb2 {(01:17)} Ke4 {(00:04)} 49. f5 {(01:33)} Kxf5
{(00:08)} 0-1

[Event "42nd Olympiad Baku 2016 Women"]
[Site "Baku"]
[Date "2016.09.04"]
[Round "3.8"]
[White "Wadima Humaid S H AlKalbani"]
[Black "Velieva, Hurma"]
[Result "1-0"]
[ECO "B99"]
[WhiteElo "1606"]
[BlackElo "1994"]
[Annotator ""]
[PlyCount "129"]
[EventDate "2016.??.??"]
[EventCountry "AZE"]
[SourceTitle "playchess.com"]
[Source "ChessBase"]
[WhiteTeam "United Arab Emirates"]
[BlackTeam "Turkmenistan"]
[WhiteTeamCountry "UAE"]
[BlackTeamCountry "TKM"]
[TimeControl "40/5400+30:1800+30"]

1. e4 {(00:00)} c5 {(00:00)} 2. Nf3 {(00:00)} d6 {(
00:00)} 3. d4 {(00:00)} cxd4 {(00:00)} 4. Nxd4 {(00:00)}
Nf6 {(00:00)} 5. Nc3 {(00:00)} a6 {(00:01)} 6. Bg5 {
(00:03)} e6 {(00:31)} 7. f4 {(00:05)} Be7 {(00:44)}
8. Qf3 {(00:21)} Qc7 {(03:28)} 9. O-O-O {(00:09)} Nbd7 {
(09:49)} 10. g4 {(00:11)} b5 {(08:17)} 11. Bxf6 {(
01:08)} Nxf6 {(03:56)} 12. g5 {(00:50)} Nd7 {(00:33)} 13.
f5 {(11:36)} Bxg5+ {(03:22)} 14. Kb1 {(00:02)} e5 {
(30:35)} 15. Nd5 {(04:15)} Qb7 {(02:25)} 16. Qh5 {(
05:33)} h6 {(13:09)} 17. Ne6 {(00:35)} Nf6 {(00:20)} 18.
Nec7+ {(43:14)} Kf8 {(01:09)} 19. Nxf6 {(02:33)} Qxc7 {
(00:51)} 20. Nd5 {(00:34)} Qd8 {(01:30)} 21. Be2 {(
03:41)} Bf6 {(02:47)} 22. Rd3 {(01:47)} Ra7 {(01:57)} 23.
Rhd1 {(00:38)} Rd7 {(00:45)} 24. Ra3 {(02:11)} Bb7 {
(00:35)} 25. Qg4 {(04:23)} Bxd5 {(01:22)} 26. Rxd5 {
(00:09)} Qb6 {(00:52)} 27. Rb3 {(05:40)} Qc7 {(03:
34)} 28. Ra3 {(01:36)} Qb6 {(02:48)} 29. Rb3 {(03:49)} Qf2
{(04:49)} 30. h3 {(00:24)} Ke7 {(00:23)} 31. Ra3 {(
00:14)} Ra7 {(01:08)} 32. Qf3 {(03:07)} Qg1+ {(00:58)} 33.
Rd1 {(00:03)} Qb6 {(01:00)} 34. c4 {(01:02)} b4 {(
01:04)} 35. Rad3 {(01:44)} Rd8 {(00:10)} 36. Rd5 {(00:07)}
Rc7 {(00:22)} 37. Qd3 {(00:58)} Rc5 {(00:34)} 38. Qe3 {
(05:12)} Bg5 {(00:27)} 39. Qf2 {(00:19)} Qc6 {(02:
05)} 40. h4 {(00:00)} Bf6 {(00:00)} 41. h5 {(02:43)} Bg5 {
(06:43)} 42. Qg3 {(03:35)} Rxd5 {(01:11)} 43. Rxd5 {
(00:33)} Kf8 {(04:09)} 44. Qd3 {(01:14)} Qb6 {(02:
05)} 45. Bd1 {(19:08)} Be3 {(03:00)} 46. Qf1 {(03:38)} Ke7
{(00:34)} 47. Qg2 {(00:52)} Kf6 {(00:27)} 48. Qg3 {
(03:25)} Bf4 {(01:07)} 49. Qd3 {(00:26)} Ke7 {(00:
49)} 50. Qe2 {(00:39)} Qg1 {(00:36)} 51. Ra5 {(00:28)} Qb6
{(00:24)} 52. Rd5 {(00:02)} Rc8 {(00:46)} 53. Qd3 {
(00:40)} Be3 {(02:30)} 54. Be2 {(00:42)} Bf4 {(01:
46)} 55. Bd1 {(00:34)} Qc7 {(00:24)} 56. Be2 {(00:21)} Rb8
{(00:55)} 57. Qb3 {(00:45)} Qb6 {(00:57)} 58. Bd1 {
(00:06)} Qf2 {(00:55)} 59. Qd3 {(00:11)} Qb6 {(01:
52)} 60. c5 {(01:06)} dxc5 {(01:37)} 61. Rd7+ {(00:01)}
Kf8 {(00:47)} 62. Qd5 {(00:03)} Qf6 {(01:26)} 63. Bb3 {
(00:01)} Kg8 {(00:47)} 64. Rxf7 {(00:08)} Qg5 {(00:
21)} 65. Rf8+ {(01:13)} 1-0

[Event "42nd Olympiad Baku 2016 Women"]
[Site "Baku"]
[Date "2016.09.04"]
[Round "3.14"]
[White "Wafa, Shrook"]
[Black "Barria Baker, Raisa Melissa"]
[Result "1-0"]
[ECO "C13"]
[WhiteElo "2106"]
[BlackElo "1961"]
[Annotator ""]
[PlyCount "81"]
[EventDate "2016.??.??"]
[EventCountry "AZE"]
[SourceTitle "playchess.com"]
[Source "ChessBase"]
[WhiteTeam "Egypt"]
[BlackTeam "Panama"]
[WhiteTeamCountry "EGY"]
[BlackTeamCountry "PAN"]
[TimeControl "40/5400+30:1800+30"]

1. e4 {(00:00)} e6 {(00:00)} 2. d4 {(00:00)} d5 {(
00:00)} 3. Nc3 {(00:11)} Nf6 {(00:41)} 4. Bg5 {(00:18)}
Be7 {(01:24)} 5. Bxf6 {(00:27)} Bxf6 {(00:48)} 6. Nf3 {
(00:09)} O-O {(03:44)} 7. Bd3 {(00:57)} c5 {(03:42]
} 8. dxc5 {(10:39)} Qa5 {(04:11)} 9. O-O {(04:13)} Qxc5 {
(03:42)} 10. exd5 {(01:25)} Bxc3 {(00:37)} 11. bxc3 {
(00:57)} Qxd5 {(00:29)} 12. Qe2 {(01:29)} Nc6 {(04:
33)} 13. Rfd1 {(01:19)} Qh5 {(05:18)} 14. Rab1 {(00:53)}
a6 {(00:23)} 15. Be4 {(04:14)} Qc5 {(04:53)} 16. c4 {
(12:04)} g6 {(07:18)} 17. h4 {(03:06)} Na5 {(08:31]
} 18. Bd3 {(00:46)} f6 {(01:52)} 19. Nd2 {(01:06)} Nc6 {
(07:36)} 20. Ne4 {(01:15)} Qe7 {(00:46)} 21. h5 {(
01:24)} Kg7 {(04:26)} 22. c5 {(02:38)} Nd4 {(11:55)} 23.
Qd2 {(03:05)} e5 {(00:34)} 24. Nd6 {(01:43)} Nc6 {(
09:01)} 25. Be4 {(08:02)} Rd8 {(04:01)} 26. hxg6 {(01:23)}
hxg6 {(00:19)} 27. Rb3 {(04:16)} Nd4 {(03:18)} 28. Rg3 {
(11:49)} f5 {(03:41)} 29. c3 {(00:51)} fxe4 {(02:
29)} 30. cxd4 {(00:17)} Rh8 {(00:21)} 31. Nxc8 {(04:42)}
Raxc8 {(01:01)} 32. d5 {(05:19)} Qxc5 {(01:08)} 33. d6 {
(01:10)} Qc2 {(00:51)} 34. Qd5 {(00:50)} Rce8 {(02:
23)} 35. Qxb7+ {(00:44)} Kf6 {(00:13)} 36. Qd5 {(01:12)}
Re6 {(00:31)} 37. d7 {(01:20)} Rd8 {(01:00)} 38. Rxg6+ {
(00:27)} Kxg6 {(00:28)} 39. Qxe6+ {(00:06)} Kh7 {(
00:17)} 40. Qe7+ {(00:00)} Kg6 {(00:00)} 41. Rd6+ {(00:31]
} 1-0

[Event "42nd Olympiad Baku 2016 Women"]
[Site "Baku"]
[Date "2016.09.04"]
[Round "3.5"]
[White "Wakuruwarewa, Colletta"]
[Black "Frick, Denise"]
[Result "1-0"]
[ECO "B58"]
[WhiteElo "1716"]
[BlackElo "1803"]
[Annotator ""]
[PlyCount "86"]
[EventDate "2016.??.??"]
[EventCountry "AZE"]
[SourceTitle "playchess.com"]
[Source "ChessBase"]
[WhiteTeam "ZIM"]
[BlackTeam "RSA"]
[WhiteTeamCountry "ZIM"]
[BlackTeamCountry "RSA"]
[TimeControl "40/5400+30:1800+30"]

1. e4 {(00:00)} c5 {(00:00)} 2. Nf3 {(00:00)} d6 {(
00:00)} 3. Nc3 {(01:03)} Nc6 {(00:21)} 4. d4 {(02:02)}
cxd4 {(00:11)} 5. Nxd4 {(00:09)} Nf6 {(00:16)} 6. Be2 {
(02:08)} e5 {(01:48)} 7. Nf3 {(02:24)} Be7 {(02:09]
} 8. Be3 {(01:01)} a6 {(01:44)} 9. O-O {(04:25)} O-O {
(01:22)} 10. h3 {(05:38)} b5 {(09:30)} 11. Bd3 {(
09:11)} Nb4 {(05:39)} 12. a3 {(01:20)} Nxd3 {(00:30)} 13.
cxd3 {(00:13)} Bb7 {(07:02)} 14. Rc1 {(05:45)} Rc8 {
(03:48)} 15. Qb3 {(04:22)} Qd7 {(11:22)} 16. Rfd1 {
(02:16)} h6 {(04:07)} 17. a4 {(12:13)} Bc6 {(10:33]
} 18. axb5 {(00:57)} axb5 {(00:26)} 19. Ne2 {(04:10)} Rfe8
{(04:23)} 20. Ng3 {(01:52)} Bf8 {(05:12)} 21. Nf5 {
(04:34)} d5 {(04:29)} 22. Ng3 {(00:26)} dxe4 {(02:
49)} 23. dxe4 {(01:10)} Qb7 {(01:32)} 24. Bc5 {(01:09)}
Nxe4 {(04:41)} 25. Bxf8 {(03:51)} Nxg3 {(00:31)} 26. fxg3
{(00:40)} Kxf8 {(00:39)} 27. Nh4 {(02:47)} Red8 {(
02:45)} 28. Nf5 {(02:10)} Rxd1+ {(03:17)} 29. Rxd1 {(01:
27)} Qb6+ {(05:54)} 30. Kh2 {(07:50)} b4 {(01:56)} 31. Nd6
{(01:45)} Qf2 {(01:35)} 32. Rg1 {(00:44)} Rb8 {(03:
38)} 33. Qc4 {(00:58)} Rb6 {(01:44)} 34. Nc8 {(02:41)} Bb5
{(00:23)} 35. Qxb4+ {(00:52)} Kg8 {(00:06)} 36. Nxb6 {
(02:25)} Qxb6 {(00:07)} 37. Rc1 {(01:23)} Qa6 {(00:
56)} 38. Rc5 {(00:36)} Bc6 {(00:39)} 39. Qb8+ {(01:32)}
Kh7 {(00:24)} 40. Qxe5 {(00:00)} Bb7 {(00:00)} 41. Rc7 {
(01:23)} Kg6 {(12:25)} 42. h4 {(01:50)} Bc8 {(05:
16)} 43. h5+ {(01:01)} Kh7 {(00:08)} 1-0

[Event "42nd Olympiad Baku 2016 Women"]
[Site "Baku"]
[Date "2016.09.04"]
[Round "3.32"]
[White "Walta, Paivi"]
[Black "Aliaga Fernandez, Ingrid Y"]
[Result "0-1"]
[ECO "B22"]
[WhiteElo "1735"]
[BlackElo "2096"]
[Annotator ""]
[PlyCount "90"]
[EventDate "2016.??.??"]
[EventCountry "AZE"]
[SourceTitle "playchess.com"]
[Source "ChessBase"]
[WhiteTeam "Finland"]
[BlackTeam "Peru"]
[WhiteTeamCountry "FIN"]
[BlackTeamCountry "PER"]
[TimeControl "40/5400+30:1800+30"]

1. e4 {(00:00)} c5 {(00:00)} 2. c3 {(00:00)} d5 {(
03:13)} 3. exd5 {(00:00)} Qxd5 {(00:06)} 4. d4 {(00:00)}
Nf6 {(00:03)} 5. Nf3 {(00:17)} Bg4 {(00:06)} 6. Be2 {
(00:28)} e6 {(00:06)} 7. O-O {(00:24)} Nc6 {(00:11]
} 8. h3 {(01:09)} Bh5 {(00:06)} 9. Be3 {(01:02)} cxd4 {
(00:07)} 10. cxd4 {(00:18)} Be7 {(00:06)} 11. Nc3 {
(00:22)} Qd6 {(00:29)} 12. a3 {(01:04)} O-O {(00:
57)} 13. b4 {(04:53)} Rac8 {(04:00)} 14. Nb5 {(16:03)} Qb8
{(01:41)} 15. Qb3 {(00:38)} Rfd8 {(01:00)} 16. Rfd1 {
(00:41)} Nd5 {(05:03)} 17. Rac1 {(08:08)} Bf6 {(05:
39)} 18. Nc3 {(17:35)} Nxc3 {(05:34)} 19. Rxc3 {(00:03)}
Bxf3 {(00:03)} 20. Bxf3 {(01:04)} Nxd4 {(03:15)} 21. Bxd4
{(00:10)} Bxd4 {(01:10)} 22. Rxc8 {(08:33)} Qxc8 {(
00:07)} 23. Be4 {(01:06)} g6 {(01:45)} 24. Qf3 {(05:06)}
Qd7 {(05:35)} 25. Kf1 {(06:45)} b6 {(02:45)} 26. Bc6 {
(01:16)} Qd6 {(00:09)} 27. b5 {(00:25)} Qc5 {(01:
32)} 28. g3 {(07:00)} Kg7 {(04:12)} 29. Kg2 {(01:17)} Rd6
{(00:32)} 30. Be8 {(00:50)} Qc7 {(04:05)} 31. h4 {(
01:46)} e5 {(03:50)} 32. Rd2 {(04:51)} Rf6 {(11:53)} 33.
Qd3 {(01:21)} Qe7 {(02:10)} 34. Bc6 {(00:10)} Rd6 {
(01:22)} 35. Re2 {(02:57)} Bxf2 {(01:41)} 36. Qb3 {
(02:16)} Bc5 {(03:05)} 37. a4 {(03:20)} h5 {(08:44]
} 38. Qc3 {(01:24)} Rd4 {(02:01)} 39. a5 {(00:00)} bxa5 {
(00:00)} 40. Qxa5 {(00:00)} Rd1 {(00:00)} 41. Qc3 {
(04:46)} Bd4 {(10:07)} 42. Qf3 {(00:49)} Rc1 {(03:
44)} 43. Kh2 {(03:54)} Rc3 {(01:10)} 44. Qe4 {(01:16)} Qf6
{(00:33)} 45. Qg2 {(02:53)} Rc1 {(00:16)} 0-1

[Event "42nd Olympiad Baku 2016 Women"]
[Site "Baku"]
[Date "2016.09.04"]
[Round "3.3"]
[White "Wickramasinghe, Dilhara Ishini"]
[Black "Shabanaj, Alda"]
[Result "1-0"]
[ECO "D80"]
[WhiteElo "1750"]
[BlackElo "1881"]
[Annotator ""]
[PlyCount "123"]
[EventDate "2016.??.??"]
[EventCountry "AZE"]
[SourceTitle "playchess.com"]
[Source "ChessBase"]
[WhiteTeam "Sri Lanka"]
[BlackTeam "Albania"]
[WhiteTeamCountry "SRI"]
[BlackTeamCountry "ALB"]
[TimeControl "40/5400+30:1800+30"]

1. d4 {(00:00)} Nf6 {(00:00)} 2. c4 {(00:00)} g6 {(
00:00)} 3. Nc3 {(00:01)} d5 {(00:07)} 4. Bg5 {(00:27)}
dxc4 {(03:54)} 5. e4 {(06:44)} Bg7 {(00:37)} 6. Bxc4 {
(03:22)} c6 {(01:22)} 7. a4 {(02:59)} Qa5 {(02:08)}
8. Bxf6 {(19:16)} Bxf6 {(00:54)} 9. Nge2 {(05:39)} Qg5 {
(01:52)} 10. Ng3 {(03:59)} O-O {(01:18)} 11. e5 {(
11:19)} Bg7 {(00:30)} 12. O-O {(02:51)} h5 {(02:07)} 13.
f4 {(10:59)} Qh6 {(00:26)} 14. d5 {(02:03)} cxd5 {(
01:45)} 15. Nxd5 {(01:08)} Nc6 {(00:37)} 16. Bb5 {(04:02)}
Bg4 {(02:17)} 17. Qc1 {(13:04)} h4 {(02:45)} 18. Ne4 {
(02:25)} h3 {(05:15)} 19. g3 {(02:35)} Nd4 {(01:00]
} 20. Nxe7+ {(01:39)} Kh8 {(00:08)} 21. Qc3 {(02:43)} Nxb5
{(01:41)} 22. axb5 {(00:03)} Be2 {(00:08)} 23. Rfe1 {
(02:02)} Bxb5 {(01:37)} 24. Qb3 {(00:34)} Bc6 {(01:
34)} 25. Ng5 {(01:13)} Qh5 {(00:19)} 26. Re3 {(01:05)} f6
{(02:12)} 27. Ne6 {(00:40)} fxe5 {(06:01)} 28. Nxg7 {
(00:15)} Kxg7 {(00:10)} 29. Rxe5 {(00:24)} Qf3 {(
01:19)} 30. Qxf3 {(00:14)} Bxf3 {(00:06)} 31. Ra3 {(01:03]
} Bg2 {(00:25)} 32. Nd5 {(00:29)} Rae8 {(06:26)} 33. Rxe8
{(00:35)} Rxe8 {(00:07)} 34. Ne3 {(00:21)} Bc6 {(
00:16)} 35. Kf2 {(00:38)} Rd8 {(01:06)} 36. Ke1 {(00:23)}
a6 {(00:20)} 37. Rc3 {(00:38)} Kf6 {(04:08)} 38. Ng4+ {
(00:21)} Kf5 {(02:02)} 39. Ne5 {(00:19)} Bg2 {(01:
55)} 40. Ke2 {(00:00)} g5 {(00:00)} 41. Nf7 {(05:41)} Re8+
{(07:57)} 42. Kf2 {(00:49)} Re6 {(03:20)} 43. Nxg5 {
(06:28)} Rb6 {(00:41)} 44. b3 {(02:14)} Rb5 {(00:
08)} 45. Nf3 {(07:44)} Ra5 {(00:34)} 46. Rc2 {(02:11)} Ra1
{(01:58)} 47. Nh4+ {(01:25)} Ke4 {(02:24)} 48. Nxg2 {
(02:07)} hxg2 {(00:06)} 49. Kxg2 {(00:03)} Rb1 {(
00:12)} 50. Rf2 {(03:10)} Kf5 {(04:15)} 51. h3 {(02:40)}
Rxb3 {(00:58)} 52. g4+ {(00:07)} Kg6 {(00:30)} 53. f5+ {
(00:54)} Kf7 {(00:42)} 54. g5 {(01:00)} a5 {(00:06]
} 55. h4 {(00:50)} a4 {(00:27)} 56. h5 {(01:23)} a3 {
(01:31)} 57. f6 {(00:17)} Rb2 {(00:52)} 58. g6+ {(
00:17)} Kf8 {(00:09)} 59. h6 {(00:54)} Rxf2+ {(03:41)} 60.
Kxf2 {(00:05)} Kg8 {(00:31)} 61. h7+ {(00:32)} Kh8 {
(00:05)} 62. f7 {(00:15)} 1-0